 Dungeon Crawl Stone Soup version 0.30-a0-737-gf23d94013f (webtiles) character file.

Game seed: 3062388964934396844

1329 garrulousMonolith the Thaumaturge (level 8, -15/58 HPs)
             Began as a Gnoll Hedge Wizard on Jan 31, 2023.
             Was an Initiate of Gozag.
             Demolished by a shadow (29 damage)
             ... on level 6 of the Dungeon on Feb 2, 2023.
             The game lasted 00:11:26 (7301 turns).

garrulousMonolith the Thaumaturge (GnHW)            Turns: 7301, Time: 00:11:27

Health: -15/58     AC: 11    Str: 10    XL:     8   Next: 60%
Magic:  17/20      EV: 13    Int: 19    God:    Gozag
Gold:   350        SH:  5    Dex: 12    Spells: 15/23 levels left

rFire   . . .      SeeInvis .    y - +0 dagger (venom)
rCold   . . .      Faith    .    (no shield)
rNeg    . . .      Spirit   .    n - +6 leather armour of Foott {rElec rPois Int+4}
rPois   +          Reflect  +    c - +0 hat
rElec   +          Harm     .    x - +0 cloak
rCorr   +          Rampage  .    g - +0 pair of gloves
Will    .....                    (no boots)
Stlth   +++                      f - amulet of reflection
HPRegen 0.29/turn                H - ring of resist corrosion
MPRegen 0.17/turn                (no ring)

@: on blink cooldown
A: fangs 1, strong nose, distributed training
a: Renounce Religion, Potion Petition, Call Merchant, Bribe Branch


You were on level 6 of the Dungeon.
You worshipped Gozag.
Gozag was aware of your devotion.
You visited 2 branches of the dungeon, and saw 7 of its levels.

You collected 520 gold pieces.
You spent 130 gold pieces at shops.
You paid 40 gold pieces to Gozag.

Inventory:

Hand Weapons
 a - a +3 dagger
 e - a +0 hand axe of flaming
 y - a +0 dagger of venom (weapon)
 z - a +0 hand axe of freezing
 I - a +2 short sword of draining
Missiles
 l - 6 poisoned darts
 o - 6 curare-tipped darts
 r - a throwing net
Armour
 b - a +0 robe
 c - a +0 hat (worn)
 g - a +0 pair of gloves (worn)
 n - the +6 leather armour of Foott (worn) {rElec rPois Int+4}
   (You found it on level 2 of the Dungeon)

   Int:       It affects your intelligence (+4).
   rElec:     It insulates you from electricity.
   rPois:     It protects you from poison.
 x - a +0 cloak (worn)
 A - a +0 pair of boots
Jewellery
 f - an amulet of reflection (around neck)
 H - a ring of resist corrosion (left hand)
Wands
 w - a wand of polymorph (8)
Scrolls
 h - 3 scrolls of enchant weapon
 i - 2 scrolls of teleportation
 j - a scroll of amnesia
 q - 2 scrolls of fear
 s - 2 scrolls of fog {unknown}
 B - a scroll of summoning {unknown}
 C - a scroll of vulnerability {unknown}
 E - a scroll of torment {unknown}
 F - a scroll of brand weapon {unknown}
 J - a scroll of blinking {unknown}
Potions
 d - a potion of haste
 k - a potion of ambrosia
 m - 3 potions of flight
 p - a potion of mutation
 t - a potion of lignification
 u - 2 potions of attraction
 D - a potion of magic
 G - 2 potions of heal wounds


   Skills:
 + Level 3.5 Fighting
 + Level 3.5 Short Blades
 + Level 3.5 Long Blades
 + Level 3.5 Axes
 + Level 3.5 Maces & Flails
 + Level 3.5 Polearms
 + Level 3.5 Staves
 + Level 3.5 Ranged Weapons
 + Level 3.5 Throwing
 + Level 3.5 Armour
 + Level 5.8 Dodging
 + Level 5.5 Stealth
 + Level 3.5 Shields
 + Level 3.5 Unarmed Combat
 + Level 8.0 Spellcasting
 + Level 3.6 Conjurations
 + Level 2.9 Hexes
 + Level 3.6 Summonings
 + Level 2.9 Necromancy
 + Level 3.6 Translocations
 + Level 2.9 Transmutations
 + Level 2.9 Fire Magic
 + Level 2.9 Ice Magic
 + Level 2.9 Air Magic
 + Level 2.9 Earth Magic
 + Level 2.9 Poison Magic
 + Level 3.9 Invocations
 + Level 3.5 Evocations


You had 15 spell levels left.
You knew the following spells:

 Your Spells              Type           Power      Damage    Failure   Level
a - Magic Dart            Conj           84%        1d7       2%          1
b - Call Imp              Summ           21%        N/A       4%          2
c - Blink                 Tloc           42%        N/A       4%          2
d - Mephitic Cloud        Conj/Pois/Air  19%        N/A       10%         3

Your spell library contained the following spells:

 Spells                   Type           Power      Damage    Failure   Level
 Slow                     Hex            72%        N/A       3%          1
 Cigotuvi's Dreadful Rot  Necr/Pois/Air  36%        N/A       5%          2


Dungeon Overview and Level Annotations

Branches:
Dungeon (6/15)             Temple (1/1) D:4

Altars:
Cheibriados
Dithmenos
Elyvilon
Fedhas
Gozag
Hepliaklqana
Makhleb
Nemelex Xobeh
Okawaru
Qazlal
Trog
Uskayaw
Vehumet
Wu Jian
Xom
Yredelemnul
The Shining One

Shops:
D:2 !*=[   D:3 !(   D:4 *


Innate Abilities, Weirdness & Mutations

You have very sharp teeth.
Your uncanny sense of smell can sniff out nearby items.
Your experience applies equally to all skills.


Message History

Okay, then.
Okay, then.
Okay, then.
Casting: Call Imp (safe; 4% risk of failure)
Confirm with . or Enter, or press ? or * to list all spells.
Okay, then.
Casting: Call Imp (safe; 4% risk of failure)
Confirm with . or Enter, or press ? or * to list all spells.
You blink.
The shadow strikes at you from the darkness!
Ouch! That really hurt!
* * * LOW HITPOINT WARNING * * *
Casting: Blink (safe; 4% risk of failure)
Confirm with . or Enter, or press ? or * to list all spells.
You are still too unstable to blink.
Casting: Blink (safe; 4% risk of failure)
Confirm with . or Enter, or press ? or * to list all spells.
You are still too unstable to blink.
Unknown command.
Welcome back, garrulousMonolith the Gnoll Hedge Wizard.
Gozag says: Greed is good.
Press ? for a list of commands and other information.
You feel much better.
The shadow slips into darkness.
The shadow flickers and vanishes!
Deactivating autopickup; reactivate with Ctrl-A.
The shadow hits you!
Okay, then.
Aiming: Iceblast
Press: ? - help, Shift-Dir - straight line The mass of ice explodes!
The iceblast engulfs something!
The iceblast engulfs you!
* * * LOW HITPOINT WARNING * * *
The iceblast engulfs the shadow!
The shadow partially resists.
The shadow is moderately damaged.
The now-empty wand crumbles to dust.
The shadow strikes at you from the darkness!
Ouch! That really hurt!
You die...
Your body crumbles into a pile of gold.

∆ . ### #.##.## #.#
#.#.... ...
#.####.#..####..
#########.........#.....
#.....§...####.#..#.##..
#..####)#.......#..#.....
#8W####..#.#..#..#..
+.{@..##......#..#..
#..#8..#.....#...#.#
#######.#.#..........
#[!$!$?#'#....<#..####
.###+####.#............
#.. 8..#...<........ ##
'..##.........#..
8####..#.......#.# ##
...............


You could see a shadow.

Vanquished Creatures
  An ice beast (D:6)
  An orc warrior (D:6)
  An ogre (D:6)
  A phantom (D:5)
  A scorpion (D:5)
  2 hounds (D:4)
  Crazy Yiuf (D:3)
  2 gnoll boudas (D:5)
  3 orc priests
  An iguana (D:5)
  18 gnolls
  6 adders
  A white imp (D:5)
  An ufetubus (D:5)
  2 worms (D:2)
  4 dart slugs
  22 orcs
  5 endoplasms
  3 giant cockroaches
  8 hobgoblins
  3 quokkas
  7 ball pythons
  5 bats
  5 frilled lizards
  3 goblins
  7 kobolds
  3 rats
117 creatures vanquished.

Vanquished Creatures (collateral kills)
  A steam dragon (D:4)
  An ogre (D:5)
  A hound (D:4)
  An iguana (D:4)
  2 gnolls (D:4)
  An adder (D:4)
  5 orcs
12 creatures vanquished.

Vanquished Creatures (others)
  An endoplasm (D:4)
  12 fungi (D:4)
  9 plants (D:2)
22 creatures vanquished.

Grand Total: 151 creatures vanquished

Notes
Turn   | Place    | Note
-------+----------+-------------------------------------------
     0 | D:1      | garrulousMonolith the Gnoll Hedge Wizard began the quest
                  | for the Orb.
     0 | D:1      | Reached XP level 1. HP: 13/13 MP: 8/8
   272 | D:1      | Reached XP level 2. HP: 19/19 MP: 7/10
   432 | D:1      | Learned a level 2 spell: Call Imp
   435 | D:1      | Learned a level 2 spell: Blink
   621 | D:1      | Found a faded altar of an unknown god.
   734 | D:2      | Found Munom's Armour Shop.
   799 | D:2      | Identified the +6 leather armour of Foott {rElec rPois
                  | Int+4}
   988 | D:2      | Found Xiepn's Assorted Antiques.
   997 | D:2      | Reached XP level 3. HP: 25/25 MP: 7/11
  1164 | D:2      | Found Pyrhuol's Distillery.
  1179 | D:2      | Bought a potion of curing for 30 gold pieces
  1299 | D:2      | Reached skill level 1 in Invocations
  1417 | D:2      | Reached skill level 1 in Fighting
  1417 | D:2      | Reached skill level 1 in Short Blades
  1417 | D:2      | Reached skill level 1 in Long Blades
  1417 | D:2      | Reached skill level 1 in Axes
  1417 | D:2      | Reached skill level 1 in Maces & Flails
  1417 | D:2      | Reached skill level 1 in Polearms
  1417 | D:2      | Reached skill level 1 in Staves
  1417 | D:2      | Reached skill level 1 in Ranged Weapons
  1417 | D:2      | Reached skill level 1 in Throwing
  1417 | D:2      | Reached skill level 1 in Armour
  1417 | D:2      | Reached skill level 1 in Shields
  1417 | D:2      | Reached skill level 1 in Unarmed Combat
  1417 | D:2      | Reached skill level 1 in Evocations
  1536 | D:2      | Reached XP level 4. HP: 32/32 MP: 9/13
  1672 | D:2      | Found Jatriev's Jewellery Emporium.
  2249 | D:3      | Found a radiant altar of Vehumet.
  2321 | D:3      | Found a runed translucent door.
  2322 | D:3      | Noticed Crazy Yiuf
  2372 | D:3      | Found Luicw's Weapon Shop.
  2390 | D:3      | Reached skill level 1 in Hexes
  2390 | D:3      | Reached skill level 1 in Necromancy
  2390 | D:3      | Reached skill level 1 in Transmutations
  2390 | D:3      | Reached skill level 1 in Fire Magic
  2390 | D:3      | Reached skill level 1 in Ice Magic
  2390 | D:3      | Reached skill level 1 in Air Magic
  2390 | D:3      | Reached skill level 1 in Earth Magic
  2390 | D:3      | Reached skill level 1 in Poison Magic
  2778 | D:3      | Found Ejozeec's Distillery.
  2931 | D:3      | Found a white marble altar of Elyvilon.
  2938 | D:3      | Reached XP level 5. HP: 37/37 MP: 10/14
  3328 | D:3      | Killed Crazy Yiuf
  3449 | D:4      | Found Gozag's Platinum Reserve.
  3699 | D:4      | Found a hide-covered altar of Uskayaw.
  4389 | D:4      | Reached XP level 6. HP: 44/44 MP: 10/16
  4426 | D:4      | Found a staircase to the Ecumenical Temple.
  4453 | Temple   | Entered the Ecumenical Temple
  4612 | D:4      | Noticed a steam dragon
  4623 | D:4      | Killed a steam dragon
  4624 | D:4      | Reached skill level 5 in Dodging
  4776 | D:4      | Found an opulent altar of Gozag.
  4804 | D:4      | Became a worshipper of Gozag Ym Sagoz the Greedy
  4860 | D:4      | Found a sparkling altar of Nemelex Xobeh.
  4902 | D:5      | Entered Level 5 of the Dungeon
  4989 | D:4      | Reached XP level 7. HP: 50/50 MP: 0/18
  5469 | D:4      | Reached skill level 5 in Stealth
  6449 | D:5      | Reached XP level 8. HP: 58/58 MP: 13/19
  6713 | D:2      | Bought a potion of heal wounds for 50 gold pieces
  6713 | D:2      | Bought a potion of heal wounds for 50 gold pieces
  6785 | D:5      | Learned a level 3 spell: Mephitic Cloud
  6937 | D:6      | Reached skill level 8 in Spellcasting
  7156 | D:6      | Noticed a troll
  7281 | D:6      | Noticed a shadow
  7284 | D:6      | Noticed a shadow
  7300 | D:6      | Upgraded the game from 0.30-a0-728-gc68057be0a to
                  | 0.30-a0-737-gf23d94013f
  7301 | D:6      | Demolished by a shadow

Illustrated notes

Levels and vault maps discovered:
D:1:      saegor_arrival_simple_d, layout_rooms,
          hellmonk_ecumenical_altar_run_dry, minmay_shallow_snake_nest
D:2:      layout_loops_corners, serial_shops, shop, shop, nicolae_shop_trees,
          nicolae_diamond_shop, serial_bayou, serial_bayou_crossing,
          serial_bayou_pond_e, serial_bayou_lagoon_b, serial_bayou_shore_b
D:3:      layout_loops_ring, mainiacjoe_overflow_tiny_flanked,
          mainiacjoe_overflow_concentric_impassable, serial_shops, shop, shop,
          nicolae_figureground_pulse, uniq_crazy_yiuf_cottage
D:4:      minmay_door_path, layout_gridville, nicolae_gozag_zags_fifth_avenue,
          nicolae_uskayaw_murder_on_the_dancefloor,
          nemelex_xobeh_ov_fountains_minmay, minmay_temple_entry_arrows,
          dreamdust_gnoll_farm
D:5:      layout_rooms, kennysheep_boxes
D:6:      minmay_chambers_of_sixes, layout_basic, nicolae_ru_path_of_blood
Temple:   nicolae_temple_godzebo

Skill      XL: |  1  2  3  4  5  6  7  8 |
---------------+-------------------------+-----
Conjurations   | 2 3 |  3.6
Summonings     | 2 3 |  3.6
Translocations | 2 3 |  3.6
Invocations    | 1 2 3 |  3.9
Fighting       | 1 2 3 |  3.5
Short Blades   | 1 2 3 |  3.5
Long Blades    | 1 2 3 |  3.5
Axes           | 1 2 3 |  3.5
Maces & Flails | 1 2 3 |  3.5
Polearms       | 1 2 3 |  3.5
Staves         | 1 2 3 |  3.5
Ranged Weapons | 1 2 3 |  3.5
Throwing       | 1 2 3 |  3.5
Armour         | 1 2 3 |  3.5
Shields        | 1 2 3 |  3.5
Unarmed Combat | 1 2 3 |  3.5
Evocations     | 1 2 3 |  3.5
Hexes          | 1 2 |  2.9
Necromancy     | 1 2 |  2.9
Transmutations | 1 2 |  2.9
Fire Magic     | 1 2 |  2.9
Ice Magic      | 1 2 |  2.9
Air Magic      | 1 2 |  2.9
Earth Magic    | 1 2 |  2.9
Poison Magic   | 1 2 |  2.9
Dodging        | 5 |  5.8
Stealth        | 5 |  5.5
Spellcasting   | 8 |  8.0

Action                     |  1- 3 |  4- 6 |  7- 9 || total
---------------------------+-------+-------+-------++-------
  Melee: Dagger            |     3 |       |    83 ||    86
         Bite              |     1 |     3 |    17 ||    21
         Hand axe          |       |     7 |    25 ||    32
         Punch             |       |     1 |     2 ||     3
   Cast: Magic Dart        |    78 |   180 |   137 ||   395
         Call Imp          |       |     7 |    12 ||    19
         Blink             |       |     2 |     2 ||     4
  Evoke: Wand              |       |     3 |     3 ||     6
    Use: Scroll            |     2 |     4 |     4 ||    10
         Potion            |       |     3 |     1 ||     4
   Stab: Distracted        |       |       |     1 ||     1
 Armour: Robe              |     3 |       |       ||     3
         Leather armour    |     5 |    41 |    49 ||    95
  Dodge: Dodged            |     7 |    90 |   111 ||   208
  Block: Other             |       |       |     9 ||     9

Table legend: (Time is in decaauts)
 A = Elapsed time spent in this place.
 B = Non-inter-level travel time spent in this place.
 C = Inter-level travel time spent in this place.
 D = Time resting spent in this place.
 E = Time spent auto-exploring this place.
 F = Levels seen in this place.
 G = Mean time per level.
                   A        B        C        D        E       F      G
               +--------+--------+--------+--------+--------+-----+--------+
         Total |   7324 |   6967 |    357 |   1244 |   4540 |   7 | 1046.3 |
       Dungeon |   7193 |   6865 |    328 |   1244 |   4467 |   6 | 1198.8 |
        Temple |    130 |    101 |     29 |      0 |     73 |   1 |  130.0 |
               +--------+--------+--------+--------+--------+-----+--------+

Top non-repeatable levels by time:
     D:3: 1665 daAuts
     D:4: 1581 daAuts
     D:2: 1489 daAuts
     D:5: 1303 daAuts
     D:1: 734 daAuts
     D:6: 420 daAuts
  Temple: 130 daAuts
